 Dungeon Crawl Stone Soup version 0.29.1-15-g9cfb28693d (webtiles) character file.

Game seed: 15509774403950270733

4589 12sPaWn12 the Summoner (level 10, -3/80 HPs)
             Began as a Pale Draconian Summoner on Mar 21, 2023.
             Was an Elder of Zin.
             Succumbed to a kobold brigand's poison
             ... in a bailey.
             The game lasted 00:38:23 (8993 turns).

12sPaWn12 the Summoner (Pale Draconian Summoner)    Turns: 8993, Time: 00:38:24

Health: -3/80      AC: 10    Str: 12    XL:     10   Next: 18%
Magic:  7/20       EV: 14    Int: 19    God:    Zin [****..]
Gold:   462        SH:  5    Dex: 17    Spells: 13/22 levels left

rFire   . . .      SeeInvis .   B - +1 trident (protect)
rCold   . . .      Faith    .   (no shield)
rNeg    . . .      Spirit   .   (body armour unavailable)
rPois   .          Reflect  +   (helmet restricted)
rElec   .          Harm     .   u - +1 cloak
rCorr   .          Rampage  .   p - +0 pair of gloves
Will    .....                   (no boots)
Stlth   +++.......              g - amulet of Intercession {Reflect Regen+ SH+5}
HPRegen 1.03/turn               l - +6 ring of dexterity
MPRegen 0.17/turn               (no ring)

@: lethally poisoned (-3 -> -18), slowed, very slow
A: breathe steam, AC +7, unfitting armour, cold-blooded, steam resistance
a: Breathe Steam, Renounce Religion, Recite, Vitalisation, Imprison, Donate Gold


You were in a bailey.
You worshipped Zin.
Zin was greatly pleased with you.
You visited 2 branches of the dungeon, and saw 10 of its levels.
You also visited: Bailey.

You collected 513 gold pieces.
You donated 51 gold pieces to Zin.

Inventory:

Hand Weapons
 B - a +1 trident of protection (weapon)
Armour
 p - a +0 pair of gloves (worn)
 u - a +1 cloak (worn)
Jewellery
 g - the amulet of Intercession (around neck) {Reflect Regen+ SH+5}
   (You found it on level 2 of the Dungeon)

   [amulet of reflection]

   It reflects blocked missile attacks.
   Regen:     It increases your rate of health regeneration.
   SH:        It affects your SH (+5).
 l - a +6 ring of dexterity (left hand)
 w - a ring of protection from fire
Wands
 v - a wand of paralysis (13)
 C - a wand of digging (7)
Scrolls
 e - 2 scrolls of silence
 f - 2 scrolls of teleportation
 h - 2 scrolls of butterflies {unknown}
 k - a scroll of poison {unknown}
 m - a scroll of amnesia {unknown}
 q - a scroll of vulnerability {unknown}
 s - a scroll of blinking {unknown}
 x - a scroll of magic mapping
 y - a scroll of torment {unknown}
 z - a scroll of enchant weapon {unknown}
 A - 2 scrolls of enchant armour {unknown}
Potions
 a - a potion of degeneration
 b - 3 potions of mutation
 c - a potion of attraction {unknown}
 d - 2 potions of curing {unknown}
 j - a potion of berserk rage {unknown}
 n - a potion of brilliance {unknown}
 r - 3 potions of flight {unknown}
 t - 3 potions of heal wounds
Miscellaneous
 D - a tin of tremorstones (2/2)


   Skills:
 * Level 4.4 Fighting
 * Level 5.3 Polearms
 * Level 4.1 Dodging
 * Level 4.5 Stealth
 * Level 3.5 Shields
 * Level 6.8 Spellcasting
 + Level 0.6 Hexes
 * Level 8.1 Summonings
 * Level 3.2 Invocations
 * Level 3.5 Evocations


You had 13 spell levels left.
You knew the following spells:

 Your Spells              Type           Power      Damage    Failure   Level
a - Summon Small Mammal   Summ           100%       N/A       1%          1
b - Call Imp              Summ           37%        N/A       1%          2
c - Call Canine Familiar  Summ           37%        N/A       1%          3
d - Summon Guardian Gole  Hex/Summ       23%        N/A       4%          3

Your spell library contained the following spells:

 Spells                   Type           Power      Damage    Failure   Level
 Apportation              Tloc           12%        N/A       11%         1
 Necrotise                Necr           24%        1d5       11%         1
 Ensorcelled Hibernation  Hex/Ice        14%        N/A       14%         2
 Passwall                 Tmut/Erth      5%         N/A       16%         2
 Scorch                   Fire           12%        2d5       16%         2
 Summon Lightning Spire   Summ/Air       22%        N/A       19%         4
 Dazzling Flash           Conj/Hex       14%        N/A       26%         3
 Swiftness                Air            6%         N/A       30%         3
 Summon Cactus Giant      Summ           18%        N/A       50%         6
 Flame Wave               Conj/Fire      6%         2d5       71%         4
 Silence                  Hex/Air        3%         N/A       94%         5
 Agony                    Necr           6%         N/A       96%         5


Dungeon Overview and Level Annotations

Branches:
Dungeon (9/15)             Temple (1/1) D:5             Orc (0/2) D:9
 Bailey (1/1)
   Lair: D:8-11

Altars:
Ashenzari
Cheibriados
Dithmenos
Elyvilon
Fedhas
Gozag
Hepliaklqana
Kikubaaqudgha
Nemelex Xobeh
Okawaru
Qazlal
Ru
Sif Muna
Trog
Uskayaw
Vehumet
Wu Jian
Xom
Yredelemnul
Zin
The Shining One

Shops:
D:1 *   D:6 *   D:7 [   D:9 ([

Annotations:
D:7 2 transporters, ThatPearl's ghost, novice DsAK


Innate Abilities, Weirdness & Mutations

You can breathe blasts of scalding, opaque steam.
Your pale cyan-grey scales are hard. (AC +7)
You cannot fit into any form of body armour.
You are cold-blooded and may be slowed by cold attacks.
You are immune to the effects of steam.


Message History

Your quokka dies!
Your quokka's corpse disappears in a puff of smoke!
You swap places.
You feel sick.
Your quokka barely misses the kobold brigand.
The kobold brigand throws a poisoned dart.
The poisoned dart closely misses your quokka.
The poisoned dart misses the kobold brigand.
The poisoned dart hits you!
You are more poisoned.
Your hound misses the kobold brigand.
Your quokka barely misses the kobold brigand.
Reach: B) +1 trident (protect)
Press: ? - help, Dir - move target, f - kobold brigand
Aim: a kobold brigand, wielding a +0 war axe and quivering poisoned darts (about 42% to evade your +1 trident of protection)
You reach to attack!
You hit the kobold brigand but do no damage.
Your weapon exudes an aura of protection.
You feel very sick.
Your hound closely misses the kobold brigand.
Your quokka bites the kobold brigand.
The kobold brigand throws a curare-tipped dart.
The curare-tipped dart barely misses your hound.
The curare-tipped dart hits you.
You are more poisoned.
You have difficulty breathing.
* * * LOW HITPOINT WARNING * * *
You feel as though you will be slow longer.
The kobold brigand throws a poisoned dart.
The poisoned dart hits you!
You are more poisoned.
The kobold brigand hits your hound with a +0 war axe.
The kobold brigand hits your quokka with a +0 war axe.
Your quokka dies!
Your quokka's corpse disappears in a puff of smoke!
* * * LOW HITPOINT WARNING * * *
You feel extremely sick.
Your hound misses the kobold brigand.
Your hound bites the kobold brigand.
The kobold brigand barely misses your hound.
There is an open gate, spattered with blood here.
You die...

####### ##.....##
#...∩...# #.......#
##..@).## ##'')##
#.K.# #K..# #...#
####(.h####
##~...(K(.~##
#####~~.......~~##
#....~~.......~~...


You could see 3 kobold brigands and a friendly hound (summoned).

Vanquished Creatures
  A hornet (D:7)
  A steam dragon (D:7)
  An acid dragon (D:8)
  2 orc warriors
  An ice beast (D:6)
  A centaur (D:9)
  2 kobold brigands (Bailey)
  3 bullfrogs
  2 necrophages
  A scorpion (D:4)
  5 wights
  A killer bee (D:9)
  4 howler monkeys
  A jelly (D:4)
  An iguana (D:5)
  3 orc wizards
  4 adders
  A gnoll (D:2)
  12 orcs
  3 endoplasms
  2 giant cockroaches
  4 goblins
  2 hobgoblins
  4 kobolds
  2 quokkas
  4 bats
  3 rats
71 creatures vanquished.

Vanquished Creatures (collateral kills)
  A black bear (D:6)
  An ice beast (D:5)
  2 orc warriors (D:9)
  2 ogres
  2 phantoms
  2 scorpions
  A necrophage (D:4)
  3 wights
  2 killer bees (D:9)
  A howler monkey (D:4)
  5 orc priests
  A jelly (D:6)
  An iguana (D:5)
  Ijyb (D:2)
  Natasha (thrice) (D:4)
  4 orc wizards
  2 gnolls (D:2)
  3 adders
  A worm (D:5)
  2 dart slugs
  17 orcs
  4 endoplasms
  4 giant cockroaches
  5 goblins (D:2)
  A quokka (D:3)
  5 ball pythons
  7 kobolds
  2 rats (D:2)
85 creatures vanquished.

Vanquished Creatures (others)
  Pikel (D:9)
  2 orc warriors (Bailey)
  A lemure (D:9)
  2 kobold brigands (Bailey)
  4 wights
  A killer bee (D:9)
  A howler monkey (D:5)
  Crazy Yiuf (D:4)
  An orc wizard (D:5)
  A kobold (Bailey)
  11 fungi (D:6)
26 creatures vanquished.

Grand Total: 182 creatures vanquished

Notes
Turn   | Place    | Note
-------+----------+-------------------------------------------
     0 | D:1      | 12sPaWn12 the Draconian Summoner began the quest for the
                  | Orb.
     0 | D:1      | Reached XP level 1. HP: 14/14 MP: 3/3
   242 | D:1      | Found Xuyv's General Store.
   671 | D:1      | Reached XP level 2. HP: 18/20 MP: 5/5
  1251 | D:2      | Found a faded altar of an unknown god.
  1353 | D:2      | Found an iron altar of Okawaru.
  1356 | D:2      | Identified the amulet of Intercession {Reflect Regen+ SH+5}
  1399 | D:2      | Learned a level 2 spell: Call Imp
  1489 | D:2      | Reached XP level 3. HP: 26/26 MP: 2/6
  1613 | D:2      | Reached skill level 5 in Summonings
  1613 | D:2      | Reached XP level 4. HP: 33/33 MP: 5/8
  1638 | D:2      | Noticed a phantom
  1656 | D:2      | Killed a phantom
  1657 | D:2      | Reached XP level 5. HP: 23/39 MP: 4/9
  1771 | D:2      | Noticed Ijyb
  1778 | D:2      | Learned a level 3 spell: Call Canine Familiar
  1784 | D:2      | Learned a level 3 spell: Summon Guardian Golem
  1853 | D:2      | Killed Ijyb
  1854 | D:2      | Reached skill level 1 in Polearms
  2593 | D:3      | Reached skill level 1 in Fighting
  2873 | D:3      | Reached XP level 6. HP: 47/47 MP: 2/11
  3783 | D:4      | Reached skill level 1 in Shields
  3783 | D:4      | Your scales start taking on a pale cyan-grey colour.
  3783 | D:4      | Reached XP level 7. HP: 53/53 MP: 8/12
  3783 | D:4      | Gained mutation: You are immune to the effects of steam.
                  | [Pale Draconian growth]
  4172 | D:4      | Found a runed translucent door.
  4173 | D:4      | Noticed Crazy Yiuf
  4235 | D:4      | Noticed Natasha
  4242 | D:4      | Killed Natasha
  4243 | D:4      | Reached skill level 6 in Summonings
  4346 | D:4      | Noticed Natasha
  4351 | D:4      | Killed Natasha
  4388 | D:4      | Noticed Natasha
  4397 | D:4      | Killed Natasha
  4484 | D:4      | Killed Crazy Yiuf
  4554 | D:5      | Entered Level 5 of the Dungeon
  4555 | D:5      | Found a staircase to the Ecumenical Temple.
  4578 | Temple   | Entered the Ecumenical Temple
  4670 | Temple   | Became a worshipper of Zin the Law-Giver
  4670 | Temple   | Reached * piety under Zin
  4960 | D:5      | Reached XP level 8. HP: 57/62 MP: 4/14
  5539 | D:6      | Found Catwik's Assorted Antiques.
  5704 | D:6      | Reached ** piety under Zin
  5753 | D:6      | Reached skill level 1 in Invocations
  5789 | D:6      | Reached skill level 1 in Evocations
  5950 | D:6      | Found a shimmering altar of Xom.
  5979 | D:6      | Reached skill level 5 in Spellcasting
  6036 | D:6      | You fall into a shaft and drop 3 floors!
  6060 | D:9      | Noticed Pikel
  6091 | D:9      | Killed Pikel
  6092 | D:9      | Reached XP level 9. HP: 68/70 MP: 11/17
  6110 | D:9      | Reached skill level 7 in Summonings
  6841 | D:9      | Reached *** piety under Zin
  7038 | D:9      | Found Gilanib's Weapon Boutique.
  7038 | D:9      | Found a staircase to the Orcish Mines.
  7038 | D:9      | Found Nisidun's Armour Boutique.
  7590 | D:8      | Reached **** piety under Zin
  7775 | D:8      | Found a shimmering blue altar of Sif Muna.
  7775 | D:8      | Found an opulent altar of Gozag.
  7953 | D:8      | Reached skill level 5 in Polearms
  8593 | D:7      | Paralysed by a hornet for 3 turns
  8608 | D:7      | Reached XP level 10. HP: 42/79 MP: 19/19
  8621 | D:7      | Found a transporter.
  8625 | D:7      | Found a transporter.
  8625 | D:7      | Noticed ThatPearl's ghost (novice DsAK)
  8626 | D:7      | Noticed a deep elf pyromancer
  8638 | D:7      | Reached skill level 8 in Summonings
  8659 | D:7      | Found Roklacko's Antique Armour Shop.
  8728 | D:7      | Found a flagged portal.
  8734 | D:7      | Identified the +5 hand axe "Mavis" {holy, rC+ Stlth+}
  8737 | Bailey   | Entered a bailey
  8941 | Bailey   | Identified the +1 robe of Salvation {Str+4}
  8992 | Bailey   | HP: 3/80 [poisoned by a kobold brigand]
  8993 | Bailey   | Succumbed to a kobold brigand's poison

Illustrated notes

Levels and vault maps discovered:
D:1:      dpeg_arrival_water_temple_mockup, layout_loops_corners, serial_shops,
          nicolae_shop_stone, bh_walls_and_bars
D:2:      kennysheep_the_goblin_king, layout_basic,
          shapermc_ecumenical_altar_mp_ritualfount, basic_altar,
          grunt_ministairs_14
D:3:      layout_loops_corners
D:4:      layout_cave_pools, minmay_vboxes, uniq_crazy_yiuf_cottage,
          uniq_natasha
D:5:      layout_gridville, minmay_temple_entry_mist
D:6:      layout_basic, mainiacjoe_overflow_paths, serial_shops, shop_statue,
          shop, dreamdust_mushroom_princess, kennysheep_generic_room_2
D:7:      layout_cave_pods, enter_bailey_2, gammafunk_ghost_arena, serial_shops,
          nicolae_shop_waterfront, kennysheep_windowed_goal
D:8:      layout_basic, nicolae_overflow_two_pavilions
D:9:      layout_grid_maze, orc_david_3, uniq_pikel
Temple:   nicolae_temple_bog_church
Bailey:   bailey_axe_3, bailey

Skill      XL: |  1  2  3  4  5  6  7  8  9 10 |
---------------+-------------------------------+-----
Stealth        | 2 3 4 |  4.5
Summonings     | 5 6 7 8 |  8.1
Dodging        | 2 3 4 |  4.1
Spellcasting   | 3 4 5 6 |  6.8
Polearms       | 2 3 4 5 |  5.3
Fighting       | 1 2 3 4 |  4.4
Shields        | 1 2 3 |  3.5
Invocations    | 1 3 |  3.2
Evocations     | 2 3 |  3.5
Hexes          | |  0.6

Action                   |  1- 3 |  4- 6 |  7- 9 | 10-12 || total
-------------------------+-------+-------+-------+-------++-------
Melee: Unarmed           |    51 |     1 |       |       ||    52
       Tailslap          |     6 |     4 |    31 |     5 ||    46
       Halberd           |    17 |   108 |    52 |       ||   177
       Trident           |       |       |   206 |    40 ||   246
 Cast: Summon Small Mamm |    38 |    18 |    39 |    22 ||   117
       Call Imp          |     6 |     6 |     3 |       ||    15
       Call Canine Famil |       |    13 |    46 |     9 ||    68
       Summon Guardian G |       |     1 |    15 |     3 ||    19
  Use: Potion            |     1 |     2 |       |       ||     3
       Scroll            |       |       |    10 |       ||    10
 Stab: Sleeping          |     1 |     2 |     4 |       ||     7
       Distracted        |       |     1 |     1 |     3 ||     5
Armor: Skin              |    28 |    32 |    84 |    13 ||   157
Dodge: Dodged            |    50 |    52 |   144 |    43 ||   289
Block: Other             |     8 |    23 |    63 |    11 ||   105
       Reflection        |       |     1 |       |     5 ||     6
